 Dungeon Crawl Stone Soup version 0.24-a0-581-gc0fa6600bf (webtiles) character file.

Game seed: 2465775895321077927

10042 GameOver the Thaumaturge (level 11, -7/99 HPs)
             Began as a Naga Wizard on Aug 22, 2019.
             Was a Priest of Kikubaaqudgha.
             Mangled by a crocodile (9 damage)
             ... on level 1 of the Lair of Beasts on Aug 24, 2019.
             The game lasted 01:04:23 (8919 turns).

GameOver the Thaumaturge (Naga Wizard)              Turns: 8919, Time: 01:04:27

Health: -7/99      AC:  8    Str: 21    XL:     11   Next: 55%
Magic:  19/25      EV: 10    Int: 25    God:    Kikubaaqudgha [***...]
Gold:   464        SH:  0    Dex: 10    Spells: 22/31 levels left

rFire    + . .     SeeInvis +   w - +4 quarterstaff (chaos)
rCold    x . .     Gourm    .   (shield currently unavailable)
rNeg     . . .     Faith    +   F - +2 robe {MR+}
rPois    +         Spirit   .   u - +0 helmet
rElec    .         Reflect  .   v - +0 cloak
rCorr    .         Harm     .   (no gloves)
MR       ++...                  (no barding)
Stlth    ++++......             I - amulet of faith
HPRegen  0.26/turn              k - +6 ring of strength
MPRegen  0.19/turn              m - ring "Quonaf" {Fire +Blink Int+4}

@: mighty, very slow
A: large, see invisible, deformed body, poison resistance, slowness 2, slow
metabolism 1, spit poison 1, AC +3
a: Spit Poison, Receive Corpses, Renounce Religion, Evoke Blink


You were on level 1 of the Lair of Beasts.
You worshipped Kikubaaqudgha.
Kikubaaqudgha was most pleased with you.
You were not hungry.

You visited 3 branches of the dungeon, and saw 12 of its levels.
You also visited: Sewer.

You collected 464 gold pieces.

Inventory:

Hand Weapons
 h - a +2 flail of protection
 s - a +0 trident of protection
 w - a +4 quarterstaff of chaos (weapon)
 E - a +4 great sword
Armour
 u - a +0 helmet (worn)
 v - a +0 cloak (worn)
 z - a +2 leather armour of positive energy
 F - a +2 robe of magic resistance (worn)
Jewellery
 k - a +6 ring of strength (left hand)
 m - the ring "Quonaf" (right hand) {Fire +Blink Int+4}
   (You found it on level 9 of the Dungeon)

   [ring of fire]

   It enhances your fire magic.
   It affects your intelligence (+4).
   It protects you from fire.
   It makes you vulnerable to cold.
   It lets you blink.
 I - an amulet of faith (around neck)
 M - an uncursed ring of flight
Wands
 a - a wand of flame (13)
 j - a wand of iceblast (9)
 A - a wand of random effects (14)
 L - a wand of polymorph (9)
Scrolls
 b - 2 scrolls of amnesia
 c - 3 scrolls of identify
 e - 4 scrolls of teleportation
 f - 5 scrolls of fear
 i - 6 scrolls of remove curse
 l - 2 scrolls of fog
 n - 2 scrolls of random uselessness {unknown}
 t - 2 scrolls of noise {unknown}
 x - a scroll of immolation {unknown}
 y - 2 scrolls of blinking {unknown}
 C - a scroll of enchant weapon {unknown}
 H - 3 scrolls of magic mapping {unknown}
 K - a scroll of enchant armour {unknown}
 N - a scroll of acquirement {unknown}
Potions
 g - 2 potions of heal wounds
 o - a potion of invisibility {unknown}
 p - 2 potions of berserk rage
 q - 6 potions of curing
 r - 3 potions of mutation
 B - a potion of agility {unknown}
 D - a potion of haste
 G - a potion of flight
 J - a potion of might
 P - 2 potions of ambrosia {unknown}
Comestibles
 d - 20 rations
 O - 3 chunks of flesh


   Skills:
 - Level 6.4 Fighting
 - Level 6.0 Staves
 - Level 1.5 Dodging
 - Level 9.0 Stealth
 - Level 10.8 Spellcasting
 + Level 6.9 Conjurations
   Level 1.0 Summonings
 * Level 0.0 Necromancy
 * Level 1.0 Translocations
 - Level 3.0 Air Magic
 - Level 6.1 Poison Magic


You had 22 spell levels left.
You knew the following spells:

 Your Spells              Type           Power        Failure   Level  Hunger
a - Magic Dart            Conj           ####         1%          1    None
b - Blink                 Tloc           N/A          4%          2    None
d - Mephitic Cloud        Conj/Pois/Air  #####...     1%          3    None
f - Conjure Flame         Conj/Fire      #####...     3%          3    None

Your spell library contained the following spells:

 Spells                   Type           Power        Failure   Level  Hunger
 Pain                     Necr           ##..         4%          1    None
 Call Imp                 Summ           ###.....     4%          2    None
 Corpse Rot               Necr           N/A          7%          2    None
 Slow                     Hex            ##......     7%          2    None
 Sublimation of Blood     Necr           ##........   7%          2    None
 Vampiric Draining        Necr           ##........   14%         3    None
 Agony                    Necr           ##......     77%         5    ####...
 Dispel Undead            Necr           ##......     77%         5    ####...
 Excruciating Wounds      Chrm/Necr      ##........   77%         5    ####...
 Death Channel            Necr           ##........   100%        6    #####..
 Simulacrum               Ice/Necr       ##........   100%        6    #####..


Dungeon Overview and Level Annotations

Branches:
Dungeon (10/15)            Temple (1/1) D:4            Lair (1/6) D:8
  Sewer (visited)
    Orc: D:9-12

Altars:
Ashenzari
Cheibriados
Dithmenos
Elyvilon
Fedhas
Gozag
Hepliaklqana
Kikubaaqudgha
Makhleb
Nemelex Xobeh
Okawaru
Qazlal
Ru
Sif Muna
Trog
Uskayaw
Vehumet
Wu Jian
Xom
Yredelemnul
Zin
The Shining One

Annotations:
D:3 1 runed translucent door
D:6 2 transporters, mgcat's ghost, novice OgBe


Innate Abilities, Weirdness & Mutations

You cannot wear boots.
Your serpentine skin is tough. (AC +3)
You have supernaturally acute eyesight. (SInv)
Armour fits poorly on your strangely shaped body.
Your system is resistant to poisons. (rPois)
You cover ground very slowly.
You have a slow metabolism.
You can spit poison.


Message History

You see here a porcupine skeleton.
Eat a chunk of flesh? (ye/n/q)
You eat the chunk of flesh.
This raw flesh tastes terrible.
You see here a wolf corpse.
You butcher the wolf corpse.
O - 3 chunks of flesh You see here a wolf skeleton.
Okay, then.
Saving game... please wait.
Welcome back, GameOver the Naga Wizard.
Kikubaaqudgha says: Spread unending torment and darkness!
Press ? for a list of commands and other information.
There is a staircase to the Lair here.
You climb downwards.
Welcome back to the Lair of Beasts!
The wolf bites you.
* * * LOW HITPOINT WARNING * * *
The wolf bites you!
* * * LOW HITPOINT WARNING * * *
The wolf barely misses you. x2; The crocodile bites you!
You die...
Kikubaaqudgha rasps: "You have failed me!
Welcome... death!"

.... .#........
....##.........
.......≈≈≈≈....
!......≈≈≈≈≈≈..
.......≈≈≈≈≈≈..
. .....≈≈≈≈≈≈..
....#.h†h≈≈≈≈≈.
.......@.≈≈≈≈≈.
....#.t.≈≈≈≈≈≈.
. ##.≈≈≈≈≈≈..
#..≈≈≈≈≈..
....≈.≈...
#......#..)
.#.........
....(...#...


You could see a crocodile and 2 wolves.

Vanquished Creatures
  Erolcha (D:9)
  The ghost of barakagiga the Destroyer, a novice TeFE of Ru (D:9)
  A deep troll (shapeshifter) (D:9)
  Psyche (D:10)
  2 komodo dragons
  A troll (D:10)
  A polar bear (D:9)
  2 hippogriffs
  7 yaks
  Grum (D:10)
  Edmund (D:5)
  A porcupine (D:8)
  A water moccasin (D:8)
  6 orc warriors
  2 black bears
  6 ice beasts
  A sky beast (D:4)
  A phantom (D:10)
  8 wolves
  2 ogres
  2 centaurs
  The ghost of xoxolimbo the Firebug, an amateur DsFE (D:3)
  4 big kobolds
  3 bullfrogs
  A gnoll sergeant (D:9)
  3 scorpions
  A wyvern skeleton (D:7)
  2 killer bees (D:9)
  4 jellies
  6 wights
  An electric eel (D:9)
  5 crimson imps
  A bullfrog zombie (D:10)
  A centaur zombie (D:6)
  Crazy Yiuf (D:3)
  A centaur skeleton (D:6)
  7 hounds
  A quasit (D:6)
  A bullfrog skeleton (D:4)
  5 orc priests
  7 orc wizards
  4 iguanas
  4 worker ants
  A bullfrog simulacrum (D:9)
  A centaur simulacrum (D:9)
  A hound zombie (D:7)
  2 worker ant zombies
  Robin (D:3)
  18 gnolls
  13 adders
  2 river rats (Sewer)
  3 shadow imps
  4 white imps (D:9)
  2 howler monkey simulacra (D:9)
  2 adder skeletons
  2 adder zombies
  7 worms
  5 dart slugs
  An adder simulacrum (D:9)
  8 leopard geckos
  24 orcs
  9 bats
  9 giant cockroaches
  10 hobgoblins
  6 jackals
  2 quokkas
  7 frilled lizards
  18 goblins
  10 kobolds
  A quokka skeleton (D:6)
  12 rats
294 creatures vanquished.

Vanquished Creatures (collateral kills)
  A killer bee (D:9)
1 creature vanquished.

Vanquished Creatures (others)
  An electric eel (D:9)
1 creature vanquished.

Grand Total: 296 creatures vanquished

Notes
Turn   | Place    | Note
-------+----------+-------------------------------------------
     0 | D:1      | GameOver the Naga Wizard began the quest for the Orb.
     0 | D:1      | Reached XP level 1. HP: 15/15 MP: 4/4
    61 | D:1      | Reached XP level 2. HP: 22/22 MP: 6/6
   327 | D:1      | Reached XP level 3. HP: 17/28 MP: 0/7
   331 | D:1      | Learned a level 2 spell: Blink
   335 | D:1      | Learned a level 3 spell: Mephitic Cloud
   848 | D:2      | Found a shimmering altar of Xom.
   909 | D:2      | Reached XP level 4. HP: 36/36 MP: 8/8
  1045 | D:2      | Found a white marble altar of Elyvilon.
  1398 | D:3      | Found a glowing drain.
  1417 | Sewer    | Entered a sewer
  1422 | Sewer    | Reached XP level 5. HP: 25/42 MP: 0/9
  1483 | Sewer    | Noticed a big kobold
  1560 | Sewer    | Killed a big kobold
  1560 | Sewer    | Reached skill level 5 in Conjurations
  1638 | Sewer    | Learned a level 3 spell: Conjure Flame
  1649 | Sewer    | Found a white marble altar of Elyvilon.
  1832 | D:3      | Reached XP level 6. HP: 36/49 MP: 6/10
  1867 | D:3      | Noticed Robin
  1906 | D:3      | Reached skill level 1 in Poison Magic
  2114 | D:3      | Killed Robin
  2277 | D:3      | Found a runed translucent door.
  2342 | D:3      | Noticed xoxolimbo's ghost (amateur DsFE)
  2358 | D:3      | Reached XP level 7. HP: 55/55 MP: 9/12
  2368 | D:3      | Found a shimmering blue altar of Sif Muna.
  2430 | D:3      | Found a runed translucent door.
  2467 | D:3      | Killed xoxolimbo's ghost
  2577 | D:3      | Reached skill level 5 in Stealth
  2584 | D:3      | Identified Sif Muna's Tome of Stolen Souls
  2684 | D:3      | Found a runed translucent door.
  2685 | D:3      | Noticed Crazy Yiuf
  2694 | D:3      | Killed Crazy Yiuf
  2738 | D:3      | Reached skill level 4 in Spellcasting
  2994 | D:4      | Found a blossoming altar of Fedhas.
  3282 | D:4      | Found a staircase to the Ecumenical Temple.
  3292 | Temple   | Entered the Ecumenical Temple
  3540 | D:4      | Reached skill level 5 in Poison Magic
  3540 | D:4      | Reached XP level 8. HP: 61/62 MP: 10/14
  3641 | D:5      | Entered Level 5 of the Dungeon
  3700 | D:5      | Found a hide-covered altar of Uskayaw.
  3828 | D:5      | Reached skill level 5 in Spellcasting
  4105 | D:5      | Noticed Edmund
  4135 | D:5      | Killed Edmund
  4135 | D:5      | Reached skill level 1 in Fighting
  4135 | D:5      | Reached skill level 1 in Staves
  4643 | D:6      | Found an ancient bone altar of Kikubaaqudgha.
  4651 | D:6      | Became a worshipper of Kikubaaqudgha
  4707 | D:6      | Reached XP level 9. HP: 71/74 MP: 9/17
  4729 | D:6      | Found a transporter.
  4730 | D:6      | Identified the +9 great mace of Certain Death {flame,
                  | *Drain rC+ MR+}
  4730 | D:6      | Identified the +12 dire flail of Cukomak {freeze, +Blink
                  | rN+ SInv}
  4730 | D:6      | Noticed a two-headed ogre
  4734 | D:6      | Noticed mgcat's ghost (novice OgBe)
  4748 | D:6      | Reached skill level 6 in Spellcasting
  4865 | D:6      | Found a transporter.
  4972 | D:6      | Found a snail-covered altar of Cheibriados.
  4973 | D:6      | Found an ornate altar of the Wu Jian Council.
  5259 | D:7      | Upgraded the game from 0.24-a0-580-g6a6c3f83c1 to
                  | 0.24-a0-581-gc0fa6600bf
  5525 | D:7      | Reached skill level 5 in Fighting
  5525 | D:7      | Reached skill level 5 in Staves
  5538 | D:7      | Reached * piety under Kikubaaqudgha
  5538 | D:7      | Identified Kikubaaqudgha's Reference Book on Evil Secrets
                  | (Kikubaaqudgha gifted it to you on level 7 of the Dungeon)
  5538 | D:7      | Received a gift from Kikubaaqudgha
  5881 | D:8      | Reached XP level 10. HP: 83/91 MP: 12/19
  6027 | D:8      | Found a staircase to the Lair.
  6147 | D:8      | Found a sparkling altar of Nemelex Xobeh.
  6351 | D:8      | Found a glowing silver altar of Zin.
  6629 | D:9      | Reached skill level 7 in Spellcasting
  6818 | D:9      | Reached ** piety under Kikubaaqudgha
  6865 | D:9      | Noticed barakagiga's ghost (novice TeFE)
  6897 | D:9      | Reached skill level 8 in Spellcasting
  6910 | D:9      | Found a runed translucent gate.
  6910 | D:9      | Found a runed translucent gate.
  6910 | D:9      | Found a runed translucent gate.
  7089 | D:9      | Noticed Erolcha
  7117 | D:9      | Killed Erolcha
  7117 | D:9      | Reached skill level 9 in Spellcasting
  7323 | D:9      | Noticed a deep troll
  7323 | D:9      | a shapeshifter changed into a deep troll
  7326 | D:9      | Killed a deep troll
  7326 | D:9      | Reached XP level 11. HP: 78/97 MP: 15/24
  7510 | D:9      | Reached skill level 10 in Spellcasting
  7702 | D:9      | Reached *** piety under Kikubaaqudgha
  7702 | D:9      | Identified Kikubaaqudgha's Guide on Necromancy
                  | (Kikubaaqudgha gifted it to you on level 9 of the Dungeon)
  7702 | D:9      | Received a gift from Kikubaaqudgha
  7714 | D:9      | Killed barakagiga's ghost
  7756 | D:9      | Got the ring "Quonaf" {Fire}
  7758 | D:9      | Identified the ring "Quonaf" {Fire +Blink Int+4} (You found
                  | it on level 9 of the Dungeon)
  7821 | D:10     | Entered Level 10 of the Dungeon
  7926 | D:10     | Reached skill level 1 in Air Magic
  7930 | D:10     | Noticed Grum
  7950 | D:10     | Killed Grum
  8058 | D:10     | Noticed Psyche
  8067 | D:10     | Killed Psyche
  8804 | Lair:1   | Entered Level 1 of the Lair of Beasts
  8919 | Lair:1   | HP: 2/99 [wolf (8)]
  8919 | Lair:1   | Mangled by a crocodile

Levels and vault maps discovered:
D:1:      roderic_octagonal_star, layout_basic, minmay_crystal_room,
          chequers_avenue, serial_park_tiny_2
D:2:      layout_loops_cross, old_standard_altar, tgw_xom
D:3:      layout_loops_ring, led_sif_book, portal_sewer_entry_f, first_ration,
          ebering_ghost_sewer_f, uniq_crazy_yiuf_cottage, uniq_robin
D:4:      kennysheep_big_flooded_room, layout_basic, kennysheep_little_box,
          minmay_temple_entry_waves
D:5:      layout_loops_corners, eat_drink_and_be_merry_uskayaw, uniq_edmund
D:6:      layout_basic, lemuel_coloured_pillars_altar,
          gammafunk_temple_overflow_pools, gammafunk_ghost_smash
D:7:      layout_basic
D:8:      layout_loops_ring, zin_scriptorium, lair_entry_dummy,
          blue_anna_alchemist [blue_anna_fruit_fields, blue_anna_fruit_fields],
          nemelex_spade_bored_becter
D:9:      layout_roguey, gammafunk_ghost_icy, serial_ice, serial_ice_f,
          serial_ice_l, serial_ice_e, serial_ice_h, uniq_erolcha
D:10:     layout_basic, uniq_psyche, uniq_grum
Temple:   eino_temple_water
Lair:1:   layout_cave_pods, basic_altar, minmay_lair_oklob_chamber,
          serial_bayou_shore_a, infiniplex_staircase_pool

Skill      XL: |  1  2  3  4  5  6  7  8  9 10 11 |
---------------+----------------------------------+-----
Conjurations   | 2 3 4 5 6 |  6.9
Poison Magic   | 2 5 6 |  6.1
Stealth        | 4 6 9 |  9.0
Spellcasting   | 4 5 6 9 10 | 10.8
Fighting       | 2 6 |  6.4
Staves         | 2 6 |  6.0
Air Magic      | 3 |  3.0
Dodging        | |  1.5
Summonings     | |  1.0
Translocations | |  1.0

Action                   |  1- 3 |  4- 6 |  7- 9 | 10-12 || total
-------------------------+-------+-------+-------+-------++-------
Melee: Short sword       |     3 |       |       |       ||     3
       Dagger            |    17 |    77 |     1 |       ||    95
       Trident           |       |       |    62 |    79 ||   141
       Quarterstaff      |       |       |   116 |   177 ||   293
 Cast: Magic Dart        |    48 |    72 |    90 |    73 ||   283
       Blink             |       |     1 |       |     4 ||     5
       Mephitic Cloud    |       |    10 |    16 |    38 ||    64
       Conjure Flame     |       |       |    18 |    27 ||    45
 Abil: Spit Poison       |    41 |    76 |    61 |    64 ||   242
  Use: Potion            |       |     4 |     1 |     2 ||     7
       Scroll            |       |     1 |     6 |     1 ||     8
 Stab: Sleeping          |     1 |     4 |     2 |     1 ||     8
       Confused          |       |     3 |     9 |    16 ||    28
       Petrified         |       |       |     2 |       ||     2
       Paralysed         |       |       |       |     3 ||     3
  Eat: Chunk             |     2 |     9 |    16 |    12 ||    39
Armor: Robe              |     6 |    25 |    30 |    56 ||   117
Dodge: Dodged            |    28 |    67 |    45 |    69 ||   209

Table legend:
 A = Non-vault XP
 B = Vault XP
 C = Vault XP percentage of total XP
 D = Non-vault monster count
 E = Vault monster count
 F = Vault count percentage of total count
                 A         B        C        D         E       F
            +---------+---------+-------+---------+---------+-------
      Total |    9408 |    4938 |  34.4 |     230 |      66 |  22.3
            +---------+---------+-------+---------+---------+-------
        D:1 |      39 |       0 |   0.0 |      21 |       0 |   0.0
        D:2 |      92 |       9 |   8.9 |      28 |       6 |  17.6
        D:3 |     364 |     276 |  43.1 |      38 |      22 |  36.7
        D:4 |     170 |     140 |  45.2 |       7 |       2 |  22.2
        D:5 |     504 |     164 |  24.6 |      12 |       1 |   7.7
        D:6 |     780 |       0 |   0.0 |      20 |       0 |   0.0
        D:7 |    1654 |       0 |   0.0 |      21 |       0 |   0.0
        D:8 |    1729 |      97 |   5.3 |      22 |       1 |   4.3
        D:9 |    2389 |    3091 |  56.4 |      41 |      18 |  30.5
       D:10 |    1358 |    1020 |  42.9 |      17 |       6 |  26.1
     Lair:1 |     329 |       0 |   0.0 |       3 |       0 |   0.0
      Sewer |       0 |     141 | 100.0 |       0 |      10 | 100.0
            +---------+---------+-------+---------+---------+-------
